[ AOE2 MATCH · #483789922 ]
UnrankedShu vs Teutons
[ REPLAY ANALYSIS · EXTRACTED FROM THE RECORDED GAME ]
Feudal
15:38
Castle
20:27
Imperial
40:52
| APM avg | 14.2 |
| APM peak | 53 |
| eAPM avg | 9.1 |
| Villagers / military | 80 / 8 |
Focus
⚔️ 25.3% · 🌾 74.7%
Unknown (1944) ×13 · Unknown (1959) ×11 · Unknown (1962) ×10 · Spearman ×8 · Trade Cart ×8
Feudal
14:54
Castle
25:51
Imperial
34:51
| APM avg | 25.8 |
| APM peak | 57 |
| eAPM avg | 16.1 |
| Villagers / military | 74 / 44 |
Focus
⚔️ 30.2% · 🌾 69.8%
Spearman ×15 · Teutonic Knight ×8 · Knight ×7 · Bombard Cannon ×5 · Monk ×4 · Archer ×4
Feudal
14:33
Castle
22:00
Imperial
41:39
| APM avg | 7.9 |
| APM peak | 25 |
| eAPM avg | 6.4 |
| Villagers / military | 81 / 0 |
Focus
⚔️ 12.5% · 🌾 87.5%
Feudal
11:41
Castle
17:46
Imperial
31:14
| APM avg | 19.8 |
| APM peak | 42 |
| eAPM avg | 13.3 |
| Villagers / military | 90 / 32 |
Focus
⚔️ 22.4% · 🌾 77.6%
Camel Scout ×18 · Trade Cart ×10 · Gbeto ×7 · Bombard Cannon ×4 · Monk ×2 · Trebuchet (Packed) ×1
Feudal
15:44
Castle
23:59
Imperial
—
| APM avg | 8.7 |
| APM peak | 23 |
| eAPM avg | 7.3 |
| Villagers / military | 74 / 31 |
Focus
⚔️ 22.7% · 🌾 77.3%
Spearman ×27 · Composite Bowman ×4
Feudal
—
Castle
—
Imperial
—
| APM avg | 12.3 |
| APM peak | 33 |
| eAPM avg | 7.3 |
| Villagers / military | 57 / 33 |
Focus
⚔️ 16.1% · 🌾 83.9%
Knight ×14 · Petard ×9 · Conquistador ×6 · Trade Cart ×3 · Trebuchet (Packed) ×3 · Monk ×1
Match map
Initial resources + every placement click. Lines = walls · curves = elevation contours. ◆ gold · ⬟ stone · ● berries · ✦ relic · ◌ wall gap
Your base· ✓ Closed at 20:27 · 41t walls · no gate
Twixxo's base· ✓ Closed at 25:51 · 49t walls · 1 gate(s)
jlch's base· ✓ Closed at 22:00 · 67t walls · 2 gate(s)
Xon Xeena's base· ✓ Closed at 17:46 · 22t walls · no gate
jotape07's base· ✓ Closed at 23:59 · 23t walls · no gate
RadCargo6254's base· ✓ Closed at 20:30 · 23t walls · 2 gate(s)
Smoothed initial terrain · ◌ = detected wall gap · hover for details
Inputs per minute
— feliperincon715 - - Twixxo
Build order — feliperincon715
First 150 of 237 actions detected
| 0:01 | Research | Loom |
| 0:02 | Create | Villager (Male) |
| 0:02 | Create | Villager (Male) |
| 0:02 | Create | Villager (Male) |
| 0:04 | Build | Mill |
| 0:09 | Build | House |
| 0:11 | Build | House |
| 1:05 | Build | Palisade Wall |
| 1:38 | Create | Villager (Male) |
| 1:38 | Create | Villager (Male) |
| 1:39 | Create | Villager (Male) |
| 1:58 | Create | Villager (Male) |
| 2:31 | Create | Villager (Male) |
| 2:50 | Build | Lumber Camp |
| 3:18 | Create | Villager (Male) |
| 3:18 | Create | Villager (Male) |
| 3:19 | Create | Villager (Male) |
| 3:33 | Build | Palisade Wall |
| 3:48 | Create | Villager (Male) |
| 3:49 | Create | Villager (Male) |
| 4:16 | Create | Villager (Male) |
| 4:16 | Create | Villager (Male) |
| 5:05 | Build | Palisade Wall |
| 5:39 | Create | Villager (Male) |
| 5:45 | Build | Mill |
| 6:31 | Create | Villager (Male) |
| 6:31 | Create | Villager (Male) |
| 6:32 | Create | Villager (Male) |
| 6:32 | Create | Villager (Male) |
| 6:32 | Create | Villager (Male) |
| 6:37 | Build | House |
| 7:57 | Build | Palisade Wall |
| 8:06 | Create | Villager (Male) |
| 8:06 | Create | Villager (Male) |
| 8:06 | Create | Villager (Male) |
| 8:11 | Build | House |
| 8:20 | Create | Villager (Male) |
| 8:21 | Create | Villager (Male) |
| 9:33 | Build | Palisade Wall |
| 9:38 | Build | Palisade Wall |
| 9:44 | Build | Palisade Wall |
| 10:45 | Build | Mill |
| 10:50 | Create | Villager (Male) |
| 10:56 | Create | Villager (Male) |
| 10:56 | Create | Villager (Male) |
| 10:57 | Create | Villager (Male) |
| 10:59 | Research | Feudal Age |
| 11:04 | Build | Mining Camp |
| 12:07 | Build | House |
| 12:12 | Build | House |
| 14:35 | Create | Villager (Male) |
| 14:36 | Create | Villager (Male) |
| 15:38 | Age | Feudal Age |
| 15:53 | Build | Watch Tower |
| 16:08 | Build | Mining Camp |
| 16:14 | Build | Market |
| 16:25 | Build | Blacksmith |
| 17:10 | Create | Villager (Male) |
| 17:33 | Build | Gate |
| 17:45 | Research | Double-Bit Axe |
| 17:47 | Research | Castle Age |
| 17:56 | Research | Stone Mining |
| 17:57 | Research | Gold Mining |
| 17:59 | Research | Horse Collar |
| 18:15 | Build | Farm |
| 18:18 | Build | Farm |
| 18:20 | Build | Farm |
| 18:22 | Build | Farm |
| 18:26 | Build | Farm |
| 18:29 | Build | Farm |
| 18:31 | Build | Farm |
| 18:34 | Build | Farm |
| 18:37 | Build | Farm |
| 18:59 | Build | Stone Wall |
| 20:11 | Create | Villager (Male) |
| 20:12 | Create | Villager (Male) |
| 20:12 | Create | Villager (Male) |
| 20:12 | Create | Villager (Male) |
| 20:13 | Create | Villager (Male) |
| 20:13 | Create | Villager (Male) |
| 20:13 | Create | Villager (Male) |
| 20:17 | Research | Town Watch |
| 20:27 | Age | Castle Age |
| 20:49 | Build | Town Center |
| 21:08 | Build | Town Center |
| 21:28 | Build | House |
| 21:45 | Build | Gate |
| 22:30 | Build | Town Center |
| 22:40 | Create | Villager (Male) |
| 22:40 | Create | Villager (Male) |
| 22:40 | Create | Villager (Male) |
| 22:41 | Create | Villager (Male) |
| 23:02 | Build | Stone Wall |
| 23:51 | Build | Stone Wall |
| 24:09 | Build | Castle |
| 24:49 | Build | Stone Wall |
| 25:15 | Research | Wheelbarrow |
| 25:19 | Create | Villager (Male) |
| 25:19 | Create | Villager (Male) |
| 25:19 | Create | Villager (Male) |
| 25:19 | Create | Villager (Male) |
| 25:45 | Create | Villager (Male) |
| 25:45 | Create | Villager (Male) |
| 25:46 | Create | Villager (Male) |
| 26:27 | Build | University |
| 27:03 | Build | Mining Camp |
| 27:10 | Research | Heavy Plow |
| 27:16 | Research | Bow Saw |
| 27:35 | Build | Farm |
| 27:38 | Build | Farm |
| 27:53 | Build | Farm |
| 27:59 | Research | Murder Holes |
| 28:01 | Research | Ballistics |
| 28:30 | Create | Villager (Male) |
| 28:30 | Create | Villager (Male) |
| 28:30 | Create | Villager (Male) |
| 28:58 | Research | Gold Shaft Mining |
| 29:07 | Build | Farm |
| 29:12 | Create | Villager (Male) |
| 29:13 | Create | Villager (Male) |
| 29:13 | Create | Villager (Male) |
| 29:18 | Build | Farm |
| 29:24 | Build | Farm |
| 29:49 | Research | Masonry |
| 29:54 | Create | Villager (Male) |
| 29:55 | Create | Villager (Male) |
| 30:11 | Build | Farm |
| 30:20 | Build | Farm |
| 30:45 | Build | Lumber Camp |
| 30:51 | Build | Farm |
| 30:59 | Build | Farm |
| 31:02 | Build | Farm |
| 31:07 | Create | Villager (Male) |
| 31:07 | Create | Villager (Male) |
| 31:07 | Create | Villager (Male) |
| 31:07 | Create | Villager (Male) |
| 31:07 | Create | Villager (Male) |
| 31:08 | Create | Villager (Male) |
| 31:08 | Create | Villager (Male) |
| 31:08 | Create | Villager (Male) |
| 31:08 | Create | Villager (Male) |
| 31:36 | Build | Barracks |
| 32:14 | Research | Fortified Wall (upgrade) |
| 32:26 | Research | Tech 1070 |
| 32:32 | Create | Villager (Male) |
| 32:33 | Create | Villager (Male) |
| 32:33 | Create | Villager (Male) |
| 32:39 | Build | Farm |
| 32:45 | Build | Farm |
| 32:51 | Build | Farm |
Build order — Twixxo
First 150 of 233 actions detected
| 0:02 | Create | Villager (Male) |
| 0:08 | Build | House |
| 0:11 | Research | Loom |
| 0:11 | Create | Villager (Male) |
| 0:41 | Create | Villager (Male) |
| 1:08 | Build | Palisade Wall |
| 1:30 | Create | Villager (Male) |
| 1:37 | Build | Palisade Wall |
| 2:01 | Build | Palisade Wall |
| 2:06 | Build | Lumber Camp |
| 2:58 | Create | Villager (Male) |
| 3:58 | Create | Villager (Male) |
| 4:01 | Build | House |
| 4:33 | Create | Villager (Male) |
| 4:43 | Build | House |
| 4:44 | Build | House |
| 4:57 | Create | Villager (Male) |
| 5:57 | Build | Palisade Wall |
| 5:59 | Build | Palisade Wall |
| 6:10 | Create | Villager (Male) |
| 6:15 | Build | House |
| 6:19 | Create | Villager (Male) |
| 6:42 | Create | Villager (Male) |
| 6:51 | Build | Mill |
| 7:00 | Create | Villager (Male) |
| 7:50 | Create | Villager (Male) |
| 8:01 | Create | Villager (Male) |
| 8:27 | Create | Villager (Male) |
| 8:28 | Create | Villager (Male) |
| 8:53 | Create | Villager (Male) |
| 8:57 | Create | Villager (Male) |
| 9:31 | Create | Villager (Male) |
| 10:06 | Build | Barracks |
| 10:17 | Build | Farm |
| 10:18 | Build | Farm |
| 10:50 | Create | Villager (Male) |
| 10:54 | Build | Farm |
| 11:02 | Build | Mining Camp |
| 11:20 | Create | Villager (Male) |
| 11:44 | Build | Farm |
| 11:45 | Create | Villager (Male) |
| 12:11 | Build | Farm |
| 12:44 | Research | Feudal Age |
| 12:49 | Build | House |
| 12:51 | Build | Mining Camp |
| 13:09 | Build | Lumber Camp |
| 14:48 | Build | House |
| 14:49 | Build | House |
| 14:54 | Age | Feudal Age |
| 14:58 | Build | Stone Wall |
| 15:05 | Build | Watch Tower |
| 15:14 | Build | Stone Wall |
| 15:18 | Build | Archery Range |
| 15:19 | Create | Villager (Male) |
| 15:30 | Build | Stone Wall |
| 15:34 | Create | Villager (Male) |
| 15:36 | Research | Wheelbarrow |
| 15:38 | Create | Villager (Male) |
| 16:03 | Create | Archer ×3 |
| 16:34 | Create | Villager (Male) |
| 16:41 | Build | Watch Tower |
| 16:45 | Research | Horse Collar |
| 16:58 | Build | Outpost |
| 17:00 | Research | Double-Bit Axe |
| 17:02 | Create | Villager (Male) |
| 17:08 | Create | Villager (Male) |
| 17:25 | Create | Archer |
| 18:24 | Build | Lumber Camp |
| 19:25 | Create | Villager (Male) |
| 19:43 | Build | Market |
| 19:56 | Build | House |
| 20:31 | Build | Blacksmith |
| 20:44 | Build | Blacksmith |
| 20:52 | Create | Villager (Male) |
| 21:07 | Build | House |
| 21:14 | Create | Trade Cart |
| 21:25 | Create | Villager (Male) |
| 21:26 | Create | Villager (Male) |
| 21:52 | Build | Farm |
| 21:55 | Build | Farm |
| 22:18 | Build | Farm |
| 22:23 | Create | Villager (Male) |
| 22:27 | Build | Farm |
| 22:52 | Build | House |
| 22:53 | Build | House |
| 22:58 | Build | Farm |
| 23:11 | Research | Castle Age |
| 23:29 | Build | Farm |
| 24:05 | Build | Farm |
| 24:08 | Build | Farm |
| 24:46 | Research | Stone Mining |
| 24:48 | Research | Gold Mining |
| 24:53 | Create | Spearman |
| 24:58 | Build | Stable |
| 25:08 | Create | Trade Cart |
| 25:28 | Build | Farm |
| 25:32 | Build | Farm |
| 25:40 | Build | Gate |
| 25:42 | Build | Stone Wall |
| 25:51 | Age | Castle Age |
| 25:56 | Create | Villager (Male) |
| 26:17 | Build | Town Center |
| 26:35 | Build | Farm |
| 26:37 | Research | Hand Cart |
| 26:40 | Research | Bow Saw |
| 26:49 | Build | Lumber Camp |
| 26:55 | Build | Lumber Camp |
| 27:04 | Create | Villager (Male) |
| 27:27 | Build | House |
| 27:28 | Build | House |
| 27:31 | Build | House |
| 27:33 | Create | Villager (Male) |
| 27:50 | Create | Villager (Male) |
| 28:11 | Create | Villager (Male) |
| 28:12 | Create | Villager (Male) |
| 28:39 | Create | Villager (Male) |
| 28:43 | Research | Heavy Plow |
| 29:00 | Build | Siege Workshop |
| 29:06 | Create | Villager (Male) |
| 29:26 | Build | Monastery |
| 29:34 | Build | House |
| 29:37 | Create | Villager (Male) |
| 29:40 | Create | Villager (Male) |
| 29:41 | Create | Villager (Male) |
| 29:41 | Create | Villager (Male) |
| 29:43 | Create | Villager (Male) |
| 29:59 | Build | Mill |
| 30:05 | Create | Villager (Male) |
| 30:14 | Create | Mangonel |
| 30:25 | Build | House |
| 30:25 | Build | House |
| 30:31 | Create | Monk |
| 30:40 | Create | Trade Cart |
| 30:41 | Create | Villager (Male) |
| 31:07 | Create | Villager (Male) |
| 31:08 | Create | Villager (Male) |
| 31:08 | Create | Villager (Male) |
| 31:18 | Build | Gate |
| 31:21 | Build | Stone Wall |
| 31:41 | Research | Imperial Age |
| 31:52 | Build | Castle |
| 31:55 | Create | Monk |
| 32:09 | Build | University |
| 32:12 | Create | Monk |
| 32:44 | Build | Gate |
| 32:48 | Build | Outpost |
| 33:04 | Build | Stone Wall |
| 33:07 | Build | Gate |
| 33:08 | Build | Stone Wall |
| 33:12 | Build | Stone Wall |
Build order — jlch
First 150 of 188 actions detected
| 0:09 | Research | Loom |
| 0:09 | Create | Villager (Male) |
| 0:10 | Create | Villager (Male) |
| 0:10 | Create | Villager (Male) |
| 0:31 | Build | Palisade Wall |
| 0:53 | Build | Palisade Wall |
| 1:12 | Build | House |
| 1:13 | Build | House |
| 1:15 | Build | House |
| 1:21 | Create | Villager (Male) |
| 1:22 | Create | Villager (Male) |
| 2:36 | Build | Palisade Gate |
| 3:21 | Create | Villager (Male) |
| 3:22 | Create | Villager (Male) |
| 4:03 | Build | Palisade Wall |
| 4:17 | Create | Villager (Male) |
| 4:18 | Create | Villager (Male) |
| 4:45 | Build | Palisade Gate |
| 4:50 | Create | Villager (Male) |
| 4:50 | Create | Villager (Male) |
| 6:36 | Build | Palisade Wall |
| 6:43 | Build | Palisade Wall |
| 6:49 | Create | Villager (Male) |
| 6:50 | Create | Villager (Male) |
| 6:51 | Create | Villager (Male) |
| 7:03 | Build | Lumber Camp |
| 7:28 | Build | House |
| 7:58 | Create | Villager (Male) |
| 7:58 | Create | Villager (Male) |
| 8:37 | Build | Mill |
| 8:39 | Create | Villager (Male) |
| 9:14 | Build | House |
| 10:06 | Create | Villager (Male) |
| 10:07 | Create | Villager (Male) |
| 10:19 | Create | Villager (Male) |
| 10:24 | Create | Villager (Male) |
| 10:51 | Create | Villager (Male) |
| 11:03 | Build | Farm |
| 11:26 | Build | Farm |
| 11:51 | Build | Mining Camp |
| 12:03 | Build | Farm |
| 12:23 | Research | Feudal Age |
| 13:07 | Build | Mining Camp |
| 13:52 | Build | House |
| 14:33 | Age | Feudal Age |
| 14:41 | Build | Watch Tower |
| 14:50 | Create | Villager (Male) |
| 14:50 | Create | Villager (Male) |
| 15:50 | Build | Watch Tower |
| 16:12 | Build | Market |
| 16:29 | Build | Stone Wall |
| 17:23 | Build | Stone Wall |
| 17:45 | Build | Stone Wall |
| 18:06 | Build | Stone Wall |
| 18:15 | Create | Villager (Male) |
| 18:17 | Create | Villager (Male) |
| 18:27 | Build | Blacksmith |
| 19:06 | Build | Outpost |
| 19:16 | Build | House |
| 19:17 | Build | House |
| 19:20 | Research | Castle Age |
| 19:29 | Build | Farm |
| 19:30 | Build | Farm |
| 19:48 | Build | Lumber Camp |
| 20:42 | Build | House |
| 21:10 | Research | Double-Bit Axe |
| 21:33 | Research | Horse Collar |
| 21:54 | Create | Villager (Male) |
| 21:55 | Create | Villager (Male) |
| 22:00 | Age | Castle Age |
| 22:11 | Research | Heavy Plow |
| 23:07 | Build | Watch Tower |
| 23:10 | Create | Villager (Male) |
| 23:11 | Create | Villager (Male) |
| 23:43 | Build | Town Center |
| 23:58 | Create | Villager (Male) |
| 23:59 | Create | Villager (Male) |
| 24:23 | Build | Town Center |
| 24:35 | Create | Villager (Male) |
| 24:51 | Build | Farm |
| 24:53 | Build | Farm |
| 24:54 | Build | Farm |
| 24:58 | Build | Farm |
| 25:02 | Create | Villager (Male) |
| 25:56 | Build | Stone Wall |
| 26:06 | Create | Villager (Male) |
| 26:07 | Create | Villager (Male) |
| 26:07 | Create | Villager (Male) |
| 26:08 | Create | Villager (Male) |
| 26:33 | Build | Stone Wall |
| 27:09 | Build | Gate |
| 27:19 | Build | Stone Wall |
| 27:25 | Create | Villager (Male) |
| 27:26 | Create | Villager (Male) |
| 27:26 | Create | Villager (Male) |
| 27:27 | Create | Villager (Male) |
| 27:36 | Build | Farm |
| 27:37 | Build | Farm |
| 27:37 | Build | Farm |
| 27:37 | Build | Farm |
| 27:37 | Build | Farm |
| 27:38 | Build | Farm |
| 27:38 | Build | Farm |
| 27:39 | Build | Farm |
| 27:45 | Create | Villager (Male) |
| 27:45 | Create | Villager (Male) |
| 27:57 | Build | Farm |
| 27:57 | Build | Farm |
| 27:57 | Build | Farm |
| 27:57 | Build | Farm |
| 27:58 | Build | Farm |
| 27:58 | Build | Farm |
| 27:58 | Build | Farm |
| 28:06 | Create | Villager (Male) |
| 28:09 | Build | Farm |
| 28:11 | Build | Farm |
| 28:17 | Build | Farm |
| 28:23 | Create | Villager (Male) |
| 28:38 | Build | University |
| 28:51 | Create | Villager (Male) |
| 28:51 | Create | Villager (Male) |
| 28:52 | Create | Villager (Male) |
| 29:00 | Build | Farm |
| 29:48 | Research | Fortified Wall (upgrade) |
| 29:51 | Research | Masonry |
| 30:05 | Create | Villager (Male) |
| 30:06 | Create | Villager (Male) |
| 30:13 | Create | Villager (Male) |
| 30:14 | Create | Villager (Male) |
| 30:20 | Build | Lumber Camp |
| 30:32 | Research | Bow Saw |
| 30:46 | Create | Villager (Male) |
| 31:09 | Create | Villager (Male) |
| 31:09 | Create | Villager (Male) |
| 31:10 | Create | Villager (Male) |
| 32:01 | Build | Watch Tower |
| 32:22 | Build | Stone Wall |
| 32:50 | Build | House |
| 32:52 | Build | House |
| 34:43 | Build | Barracks |
| 36:23 | Create | Villager (Male) |
| 36:23 | Create | Villager (Male) |
| 36:24 | Create | Villager (Male) |
| 36:24 | Create | Villager (Male) |
| 36:24 | Create | Villager (Male) |
| 37:26 | Build | Monastery |
| 38:19 | Build | House |
| 38:20 | Build | House |
| 38:22 | Build | House |
| 38:25 | Build | House |
Build order — Xon Xeena
First 150 of 261 actions detected
| 0:01 | Create | Villager (Male) |
| 0:02 | Build | House |
| 0:04 | Build | House |
| 0:13 | Create | Villager (Male) |
| 0:13 | Create | Villager (Male) |
| 0:36 | Create | Villager (Male) |
| 1:09 | Build | Palisade Wall |
| 1:48 | Create | Villager (Male) |
| 2:16 | Build | Palisade Wall |
| 2:54 | Create | Villager (Male) |
| 3:01 | Create | Villager (Male) |
| 3:39 | Create | Villager (Male) |
| 4:19 | Create | Villager (Male) |
| 4:20 | Create | Villager (Male) |
| 5:03 | Create | Villager (Male) |
| 5:09 | Build | House |
| 5:48 | Create | Villager (Male) |
| 5:49 | Create | Villager (Male) |
| 5:58 | Build | House |
| 6:18 | Create | Villager (Male) |
| 6:32 | Build | Mill |
| 6:48 | Create | Villager (Male) |
| 6:52 | Create | Villager (Male) |
| 7:30 | Create | Villager (Male) |
| 7:42 | Build | Lumber Camp |
| 8:23 | Research | Loom |
| 8:52 | Create | Villager (Male) |
| 9:09 | Build | Mill |
| 9:18 | Build | House |
| 9:19 | Build | House |
| 9:31 | Research | Feudal Age |
| 10:54 | Create | Villager (Male) |
| 10:56 | Create | Villager (Male) |
| 11:14 | Build | Mining Camp |
| 11:41 | Age | Feudal Age |
| 11:51 | Create | Villager (Male) |
| 12:02 | Build | Market |
| 12:33 | Create | Villager (Male) |
| 12:36 | Create | Villager (Male) |
| 12:48 | Create | Villager (Male) |
| 13:50 | Build | Blacksmith |
| 15:06 | Research | Castle Age |
| 15:18 | Build | House |
| 15:20 | Build | House |
| 15:22 | Build | House |
| 15:48 | Research | Double-Bit Axe |
| 15:52 | Research | Gold Mining |
| 15:58 | Research | Horse Collar |
| 16:46 | Build | Barracks |
| 17:04 | Build | Mining Camp |
| 17:18 | Build | House |
| 17:19 | Build | House |
| 17:46 | Age | Castle Age |
| 17:50 | Build | Town Center |
| 17:56 | Create | Villager (Male) |
| 17:56 | Create | Villager (Male) |
| 18:01 | Build | Farm |
| 18:06 | Build | Farm |
| 18:08 | Create | Villager (Male) |
| 18:09 | Create | Villager (Male) |
| 18:16 | Create | Trade Cart |
| 18:47 | Build | House |
| 18:52 | Build | Farm |
| 18:57 | Create | Villager (Male) |
| 18:58 | Create | Villager (Male) |
| 18:58 | Create | Villager (Male) |
| 18:58 | Create | Villager (Male) |
| 19:02 | Build | Farm |
| 19:05 | Build | Farm |
| 19:08 | Build | Farm |
| 19:19 | Build | Farm |
| 19:22 | Create | Villager (Male) |
| 19:26 | Create | Villager (Male) |
| 19:55 | Create | Villager (Male) |
| 20:11 | Build | Town Center |
| 20:37 | Create | Villager (Male) |
| 21:09 | Research | Stone Mining |
| 21:25 | Create | Trade Cart |
| 21:32 | Create | Villager (Male) |
| 21:36 | Create | Villager (Male) |
| 21:52 | Build | Farm |
| 21:55 | Build | Farm |
| 22:00 | Build | Farm |
| 22:16 | Create | Villager (Male) |
| 22:28 | Create | Villager (Male) |
| 22:35 | Build | Farm |
| 22:41 | Build | Farm |
| 22:47 | Build | Farm |
| 22:50 | Build | Farm |
| 22:52 | Build | Farm |
| 23:20 | Build | Farm |
| 23:24 | Create | Villager (Male) |
| 23:25 | Create | Villager (Male) |
| 23:30 | Create | Villager (Male) |
| 23:30 | Create | Villager (Male) |
| 23:33 | Create | Villager (Male) |
| 24:06 | Build | Monastery |
| 24:18 | Create | Trade Cart |
| 24:21 | Create | Trade Cart |
| 24:23 | Create | Villager (Male) |
| 24:23 | Create | Villager (Male) |
| 24:24 | Create | Villager (Male) |
| 24:26 | Create | Villager (Male) |
| 24:34 | Build | Farm |
| 24:39 | Build | Farm |
| 24:50 | Build | Farm |
| 25:15 | Build | Castle |
| 25:20 | Create | Monk |
| 25:21 | Create | Monk |
| 25:30 | Build | Farm |
| 25:31 | Create | Villager (Male) |
| 25:32 | Create | Villager (Male) |
| 25:33 | Create | Villager (Male) |
| 25:36 | Create | Villager (Male) |
| 26:11 | Create | Villager (Male) |
| 26:17 | Build | Farm |
| 26:47 | Build | Farm |
| 26:51 | Build | Farm |
| 27:22 | Build | Stable |
| 27:25 | Build | Stable |
| 27:27 | Build | Stable |
| 27:29 | Build | Stable |
| 27:32 | Build | Stable |
| 27:36 | Build | Farm |
| 27:53 | Build | University |
| 28:04 | Research | Imperial Age |
| 28:07 | Research | Wheelbarrow |
| 28:19 | Create | Villager (Male) |
| 28:19 | Create | Villager (Male) |
| 28:23 | Create | Villager (Male) |
| 28:44 | Research | Scale Barding Armor |
| 28:53 | Research | Town Watch |
| 29:01 | Build | Farm |
| 29:18 | Build | Farm |
| 29:40 | Research | Gold Shaft Mining |
| 29:41 | Research | Stone Shaft Mining |
| 29:51 | Research | Bow Saw |
| 30:16 | Research | Heavy Plow |
| 30:37 | Build | Siege Workshop |
| 30:39 | Build | Siege Workshop |
| 31:14 | Age | Imperial Age |
| 31:15 | Create | Villager (Male) |
| 31:15 | Create | Villager (Male) |
| 31:16 | Create | Villager (Male) |
| 31:22 | Create | Villager (Male) |
| 31:23 | Create | Villager (Male) |
| 31:23 | Create | Villager (Male) |
| 31:26 | Create | Villager (Male) |
| 31:27 | Create | Villager (Male) |
| 31:27 | Create | Villager (Male) |
Build order — jotape07
First 150 of 209 actions detected
| 0:33 | Build | House |
| 0:35 | Build | House |
| 0:43 | Research | Loom |
| 0:50 | Create | Villager (Male) |
| 0:50 | Create | Villager (Male) |
| 0:50 | Create | Villager (Male) |
| 0:51 | Create | Villager (Male) |
| 0:51 | Create | Villager (Male) |
| 1:32 | Build | Palisade Wall |
| 3:35 | Build | Palisade Wall |
| 3:46 | Create | Villager (Male) |
| 3:46 | Create | Villager (Male) |
| 3:46 | Create | Villager (Male) |
| 5:26 | Create | Villager (Male) |
| 5:27 | Create | Villager (Male) |
| 5:27 | Create | Villager (Male) |
| 6:40 | Create | Villager (Male) |
| 6:41 | Create | Villager (Male) |
| 6:41 | Create | Villager (Male) |
| 6:49 | Build | House |
| 6:54 | Build | House |
| 7:42 | Build | Mill |
| 8:44 | Create | Villager (Male) |
| 9:13 | Create | Villager (Male) |
| 9:14 | Create | Villager (Male) |
| 9:14 | Create | Villager (Male) |
| 9:14 | Create | Villager (Male) |
| 9:14 | Create | Villager (Male) |
| 10:01 | Create | Villager (Male) |
| 10:49 | Build | Mule Cart |
| 12:19 | Create | Villager (Male) |
| 12:20 | Create | Villager (Male) |
| 12:21 | Create | Villager (Male) |
| 13:12 | Build | House |
| 13:15 | Build | House |
| 13:31 | Research | Feudal Age |
| 14:16 | Build | Mule Cart |
| 14:56 | Build | Mule Cart |
| 15:44 | Age | Feudal Age |
| 15:51 | Build | Watch Tower |
| 16:24 | Build | Watch Tower |
| 16:40 | Build | Gate |
| 16:45 | Build | Stone Wall |
| 16:50 | Build | Stone Wall |
| 17:42 | Create | Villager (Male) |
| 17:42 | Create | Villager (Male) |
| 17:43 | Create | Villager (Male) |
| 17:57 | Build | Mule Cart |
| 18:35 | Build | Mule Cart |
| 18:45 | Build | Farm |
| 18:45 | Build | Farm |
| 19:31 | Build | Market |
| 19:36 | Create | Villager (Male) |
| 19:36 | Create | Villager (Male) |
| 19:59 | Build | Blacksmith |
| 20:05 | Build | Farm |
| 20:24 | Build | House |
| 20:28 | Build | House |
| 21:19 | Research | Castle Age |
| 21:59 | Build | Farm |
| 22:00 | Build | Farm |
| 22:00 | Build | Farm |
| 22:25 | Build | House |
| 22:27 | Build | House |
| 22:32 | Build | House |
| 22:33 | Build | House |
| 22:35 | Build | House |
| 22:37 | Build | House |
| 22:40 | Build | House |
| 22:55 | Research | Wheelbarrow |
| 23:32 | Research | Double-Bit Axe |
| 23:59 | Age | Castle Age |
| 24:23 | Build | Town Center |
| 24:41 | Build | Town Center |
| 25:12 | Build | Town Center |
| 26:35 | Build | House |
| 26:37 | Build | House |
| 26:38 | Build | House |
| 26:41 | Build | House |
| 26:43 | Build | House |
| 27:12 | Build | Barracks |
| 27:35 | Create | Villager (Male) |
| 27:35 | Create | Villager (Male) |
| 27:35 | Create | Villager (Male) |
| 27:36 | Create | Villager (Male) |
| 27:40 | Build | Farm |
| 27:41 | Build | Farm |
| 27:41 | Build | Farm |
| 27:41 | Build | Farm |
| 27:42 | Build | Farm |
| 27:46 | Create | Villager (Male) |
| 27:47 | Create | Villager (Male) |
| 27:47 | Create | Villager (Male) |
| 27:47 | Create | Villager (Male) |
| 27:49 | Create | Villager (Male) |
| 28:09 | Create | Villager (Male) |
| 28:10 | Create | Villager (Male) |
| 28:10 | Create | Villager (Male) |
| 28:10 | Create | Villager (Male) |
| 28:10 | Create | Villager (Male) |
| 28:21 | Build | Farm |
| 28:22 | Build | Farm |
| 28:22 | Build | Farm |
| 28:22 | Build | Farm |
| 28:23 | Build | Farm |
| 28:23 | Build | Farm |
| 28:23 | Build | Farm |
| 28:26 | Create | Villager (Male) |
| 28:26 | Create | Villager (Male) |
| 28:57 | Research | Horse Collar |
| 29:51 | Build | Castle |
| 30:13 | Build | Barracks |
| 30:16 | Build | Barracks |
| 30:20 | Build | Barracks |
| 30:35 | Create | Villager (Male) |
| 30:35 | Create | Villager (Male) |
| 30:35 | Create | Villager (Male) |
| 30:36 | Create | Villager (Male) |
| 30:37 | Create | Villager (Male) |
| 30:38 | Create | Villager (Male) |
| 30:38 | Create | Villager (Male) |
| 30:45 | Create | Villager (Male) |
| 30:46 | Create | Villager (Male) |
| 30:53 | Build | Farm |
| 30:53 | Build | Farm |
| 30:54 | Build | Farm |
| 30:54 | Build | Farm |
| 30:54 | Build | Farm |
| 31:02 | Create | Villager (Male) |
| 31:03 | Create | Villager (Male) |
| 31:03 | Create | Villager (Male) |
| 31:26 | Build | Mule Cart |
| 32:04 | Create | Spearman |
| 32:04 | Create | Spearman |
| 32:04 | Create | Spearman |
| 32:05 | Create | Spearman |
| 32:05 | Create | Spearman |
| 32:05 | Create | Spearman |
| 32:06 | Create | Spearman |
| 32:15 | Create | Spearman |
| 32:16 | Create | Spearman |
| 32:16 | Create | Spearman |
| 32:55 | Build | Gate |
| 33:01 | Build | Stone Wall |
| 33:03 | Build | Stone Wall |
| 33:59 | Build | University |
| 34:47 | Create | Spearman |
| 34:47 | Create | Spearman |
| 34:48 | Create | Spearman |
| 34:48 | Create | Spearman |
Build order — RadCargo6254
120 actions detected in the replay
| 0:13 | Build | Palisade Wall |
| 0:20 | Build | Palisade Gate |
| 0:26 | Create | Villager (Male) |
| 0:26 | Research | Loom |
| 0:37 | Build | House |
| 1:45 | Create | Villager (Male) ×3 |
| 2:24 | Build | Mill |
| 3:09 | Create | Villager (Male) |
| 4:38 | Build | House |
| 4:48 | Create | Villager (Male) |
| 5:20 | Create | Villager (Male) ×3 |
| 7:00 | Create | Villager (Male) ×4 |
| 7:26 | Create | Villager (Male) |
| 8:10 | Build | House |
| 8:27 | Create | Villager (Male) ×5 |
| 8:39 | Build | Lumber Camp |
| 9:32 | Build | House |
| 11:09 | Build | Mill |
| 11:20 | Build | House |
| 11:20 | Build | House |
| 11:28 | Research | Feudal Age |
| 12:32 | Build | Barracks |
| 13:14 | Build | Lumber Camp |
| 13:58 | Build | Stone Wall |
| 14:02 | Build | Gate |
| 14:24 | Research | Double-Bit Axe |
| 14:27 | Create | Villager (Male) ×5 |
| 14:49 | Build | Watch Tower |
| 14:58 | Build | Stone Wall |
| 15:32 | Build | Market |
| 15:59 | Build | Farm |
| 15:59 | Build | Farm |
| 16:01 | Build | Farm |
| 16:44 | Build | Watch Tower |
| 17:00 | Build | Farm |
| 17:01 | Build | Farm |
| 17:23 | Build | Mining Camp |
| 17:30 | Create | Villager (Male) ×5 |
| 18:02 | Build | Stable |
| 18:30 | Build | Lumber Camp |
| 19:04 | Build | House |
| 19:33 | Create | Villager (Male) |
| 19:41 | Build | Mining Camp |
| 20:30 | Research | Castle Age |
| 20:55 | Research | Gold Mining |
| 21:23 | Build | Market |
| 21:58 | Build | Farm |
| 22:00 | Build | Farm |
| 22:01 | Build | Farm |
| 22:02 | Build | Farm |
| 22:22 | Create | Trade Cart |
| 22:30 | Build | House |
| 22:42 | Research | Stone Mining |
| 23:19 | Build | Castle |
| 23:38 | Create | Knight ×3 |
| 23:49 | Research | Light Cavalry (upgrade) |
| 24:05 | Build | Blacksmith |
| 24:32 | Build | University |
| 24:36 | Build | Monastery |
| 25:08 | Build | Castle |
| 25:15 | Research | Bloodlines |
| 25:17 | Create | Knight |
| 25:40 | Research | Wheelbarrow |
| 26:23 | Create | Monk |
| 26:41 | Build | Siege Workshop |
| 26:53 | Create | Conquistador ×2 |
| 27:15 | Create | Villager (Male) ×3 |
| 27:18 | Build | Farm |
| 27:35 | Create | Trade Cart ×2 |
| 27:42 | Build | House |
| 28:16 | Create | Petard |
| 28:26 | Build | Lumber Camp |
| 28:37 | Build | Farm |
| 28:38 | Build | Farm |
| 28:44 | Build | Farm |
| 28:46 | Create | Villager (Male) ×5 |
| 29:00 | Build | House |
| 29:19 | Create | Knight ×2 |
| 29:59 | Build | Town Center |
| 30:07 | Create | Petard |
| 30:07 | Create | Petard |
| 30:30 | Build | Mining Camp |
| 30:53 | Create | Petard ×3 |
| 31:11 | Create | Knight ×2 |
| 31:33 | Create | Knight ×2 |
| 32:03 | Create | Petard |
| 32:03 | Create | Petard |
| 32:12 | Create | Villager (Male) ×2 |
| 32:44 | Build | Town Center |
| 32:57 | Create | Petard |
| 33:35 | Create | Knight ×4 |
| 33:58 | Create | Villager (Male) ×2 |
| 35:05 | Create | Conquistador ×4 |
| 35:57 | Create | Villager (Male) ×5 |
| 35:57 | Create | Villager (Male) ×5 |
| 36:59 | Build | Farm |
| 37:00 | Build | Farm |
| 37:00 | Build | Farm |
| 37:02 | Build | Farm |
| 38:04 | Research | Stone Shaft Mining |
| 38:13 | Research | Imperial Age |
| 39:01 | Build | House |
| 39:02 | Build | House |
| 39:02 | Build | House |
| 39:03 | Build | House |
| 39:04 | Build | House |
| 39:05 | Build | House |
| 39:05 | Build | House |
| 39:06 | Build | House |
| 39:31 | Research | Town Watch |
| 39:31 | Research | Hand Cart |
| 39:54 | Research | Caravan |
| 41:21 | Research | Town Patrol |
| 41:26 | Create | Villager (Male) ×3 |
| 41:39 | Create | Villager (Male) ×2 |
| 41:47 | Research | Ballistics |
| 41:53 | Create | Trebuchet (Packed) |
| 41:53 | Create | Trebuchet (Packed) |
| 42:28 | Research | Conscription |
| 42:33 | Create | Trebuchet (Packed) |
Match timeline
| 0:13 | RadCargo6254 · wall_segment Palisade Wall x13 |
| 0:31 | jlch · wall_segment Palisade Wall x9 |
| 0:53 | jlch · wall_segment Palisade Wall x10 |
| 1:05 | feliperincon715 · wall_segment Palisade Wall x8 |
| 1:08 | Twixxo · wall_segment Palisade Wall x8 |
| 1:09 | Xon Xeena · wall_segment Palisade Wall x11 |
| 1:32 | jotape07 · wall_segment Palisade Wall x8 |
| 1:37 | Twixxo · wall_segment Palisade Wall x8 |
| 2:01 | Twixxo · wall_segment Palisade Wall x9 |
| 2:16 | Xon Xeena · wall_segment Palisade Wall x11 |
| 3:33 | feliperincon715 · wall_segment Palisade Wall x8 |
| 3:35 | jotape07 · wall_segment Palisade Wall x6 |
| 4:03 | jlch · wall_segment Palisade Wall x13 |
| 5:05 | feliperincon715 · wall_segment Palisade Wall x7 |
| 5:57 | Twixxo · wall_segment Palisade Wall x1 |
| 5:59 | Twixxo · wall_segment Palisade Wall x1 |
| 6:36 | jlch · wall_segment Palisade Wall x5 |
| 6:43 | jlch · wall_segment Palisade Wall x4 |
| 7:57 | feliperincon715 · wall_segment Palisade Wall x3 |
| 9:33 | feliperincon715 · wall_segment Palisade Wall x1 |
| 9:38 | feliperincon715 · wall_segment Palisade Wall x1 |
| 9:44 | feliperincon715 · wall_segment Palisade Wall x1 |
| 10:06 | Twixxo · first_building Barracks |
| 11:41 | Xon Xeena · age_up feudal |
| 12:32 | RadCargo6254 · first_building Barracks |
| 13:58 | RadCargo6254 · wall_segment Stone Wall x9 |
| 14:33 | jlch · age_up feudal |
| 14:54 | Twixxo · age_up feudal |
| 14:58 | Twixxo · wall_segment Stone Wall x10 |
| 14:58 | RadCargo6254 · wall_segment Stone Wall x1 |
| 15:14 | Twixxo · wall_segment Stone Wall x9 |
| 15:18 | Twixxo · first_building Archery Range |
| 15:30 | Twixxo · wall_segment Stone Wall x7 |
| 15:38 | feliperincon715 · age_up feudal |
| 15:44 | jotape07 · age_up feudal |
| 16:17 | RadCargo6254 · first_market_sell 100 food |
| 16:18 | RadCargo6254 · first_market_buy 100 stone |
| 16:29 | jlch · wall_segment Stone Wall x15 |
| 16:45 | jotape07 · wall_segment Stone Wall x3 |
| 16:46 | Xon Xeena · first_building Barracks |
| 16:50 | jotape07 · wall_segment Stone Wall x6 |
| 17:23 | jlch · wall_segment Stone Wall x5 |
| 17:45 | jlch · wall_segment Stone Wall x3 |
| 17:46 | Xon Xeena · age_up castle |
| 18:02 | RadCargo6254 · first_building Stable |
| 18:06 | jlch · wall_segment Stone Wall x5 |
| 18:59 | feliperincon715 · wall_segment Stone Wall x12 |
| 20:27 | feliperincon715 · age_up castle |
| 22:00 | jlch · age_up castle |
| 23:02 | feliperincon715 · wall_segment Stone Wall x2 |
| 23:06 | Twixxo · first_market_sell 100 wood |
| 23:07 | Twixxo · first_market_buy 100 food |
| 23:19 | RadCargo6254 · first_building Castle |
| 23:20 | jlch · first_market_buy 100 stone |
| 23:51 | feliperincon715 · wall_segment Stone Wall x3 |
| 23:59 | jotape07 · age_up castle |
| 24:06 | Xon Xeena · first_building Monastery |
| 24:09 | feliperincon715 · first_building Castle |
| 24:36 | RadCargo6254 · first_building Monastery |
| 24:49 | feliperincon715 · wall_segment Stone Wall x2 |
| 24:58 | Twixxo · first_building Stable |
| 25:15 | Xon Xeena · first_building Castle |
| 25:42 | Twixxo · wall_segment Stone Wall x4 |
| 25:51 | Twixxo · age_up castle |
| 25:56 | jlch · wall_segment Stone Wall x9 |
| 26:33 | jlch · wall_segment Stone Wall x15 |
| 26:41 | RadCargo6254 · first_building Siege Workshop |
| 27:12 | jotape07 · first_building Barracks |
| 27:19 | jlch · wall_segment Stone Wall x3 |
| 27:22 | Xon Xeena · first_building Stable |
| 29:00 | Twixxo · first_building Siege Workshop |
| 29:26 | Twixxo · first_building Monastery |
| 29:51 | jotape07 · first_building Castle |
| 30:37 | Xon Xeena · first_building Siege Workshop |
| 31:14 | Xon Xeena · age_up imperial |
| 31:21 | Twixxo · wall_segment Stone Wall x9 |
| 31:36 | feliperincon715 · first_building Barracks |
| 31:52 | Twixxo · first_building Castle |
| 32:22 | jlch · wall_segment Stone Wall x5 |
| 33:01 | jotape07 · wall_segment Stone Wall x5 |
| 33:03 | jotape07 · wall_segment Stone Wall x5 |
| 33:04 | Twixxo · wall_segment Stone Wall x1 |
| 33:08 | Twixxo · wall_segment Stone Wall x4 |
| 33:12 | Twixxo · wall_segment Stone Wall x5 |
| 33:26 | feliperincon715 · first_building Archery Range |
| 34:35 | feliperincon715 · first_building Siege Workshop |
| 34:43 | jlch · first_building Barracks |
| 34:51 | Twixxo · age_up imperial |
| 35:04 | feliperincon715 · first_building Stable |
| 35:15 | jotape07 · first_building Siege Workshop |
| 37:26 | jlch · first_building Monastery |
| 40:19 | jlch · wall_segment Stone Wall x9 |
| 40:36 | jlch · wall_segment Stone Wall x12 |
| 40:52 | feliperincon715 · age_up imperial |
| 41:39 | jlch · age_up imperial |
| 41:52 | jlch · resign |
[ AI ANALYSIS · 1 CREDIT ]
What really happened in this match?
Wolo.gg analyzes every decision: build order, eco, micro, common mistakes by bracket. Personalized analysis on WhatsApp or Discord in 30 seconds.
Civ guide
Shu
Perfil
Jugador #24237897